 Dungeon Crawl Stone Soup version 0.18-a0-1721-gc4d1f22 (webtiles) character file.

15 Implojin the Insei (level 2, 22/24 HPs)
             Began as a Mummy Monk on Apr 9, 2016.
             Quit the game on level 1 of the Dungeon.
             The game lasted 00:00:53 (313 turns).

Implojin the Insei (Mummy Monk)                      Turns: 313, Time: 00:00:53

Health: 22/24      AC:  2    Str: 14    XL:     2   Next: 34%
Magic:  2/2        EV: 13    Int:  9    God:
Gold:   36         SH:  0    Dex: 14    Spells: 0 memorised, 1 level left

rFire  x . .     SeeInvis .       - Unarmed
rCold  + . .     Gourm    .     a - +0 robe
rNeg   + + +     Faith    .     (no shield)
rPois  ∞         Spirit   .     (no helmet)
rElec  .         Dismiss  .     (no cloak)
rCorr  .         Reflect  .     (no gloves)
SustAt .         Harm     .     (no boots)
MR     .....                    (no amulet)
Stlth  ++........               (no ring)
                                (no ring)

@: not resistant to hostile enchantments, unstealthy
A: no food or potions, fire vulnerability, cold resistance 1, negative energy
resistance 3, torment resistance, unbreathing
a: no special abilities


You were on level 1 of the Dungeon.
You were not hungry.

You visited 1 branch of the dungeon, and saw 1 of its levels.

You collected 36 gold pieces.

Inventory:

Armour
 a - a +0 robe (worn)
Jewellery
 d - an uncursed amulet of harm {unknown}
 f - a +5 ring of intelligence {unknown}
Scrolls
 b - a scroll of teleportation {unknown}
 c - a scroll of enchant weapon {unknown}
 e - 2 scrolls of remove curse {unknown}
 g - a scroll of identify {unknown}
 h - a scroll of fog {unknown}


   Skills:
 - Level 3.0 Fighting
 - Level 2.4 Dodging
 - Level 1.5 Stealth
 * Level 3.8 Unarmed Combat


You had one spell level left.
You didn't know any spells.

Dungeon Overview and Level Annotations

Branches:
Dungeon (1/15)

Altars:


Innate Abilities, Weirdness & Mutations

You do not eat or drink.
Your flesh is vulnerable to fire.
You are immune to poison.
Your flesh is cold resistant.
You are immune to negative energy.
You are immune to unholy pain and torment.
You can survive without breathing.


Message History

You hit the rat.
You kill the rat!
A giant cockroach comes into view.
A giant cockroach is nearby!
A giant cockroach is nearby!
A giant cockroach is nearby!
The giant cockroach closely misses you. The giant cockroach bites you.
Found a scroll labeled KIGRICW FATA.
The giant cockroach closely misses you.
You closely miss the giant cockroach. The giant cockroach misses you.
You closely miss the giant cockroach. The giant cockroach closely misses you.
You hit the giant cockroach.
The giant cockroach is heavily wounded.
The giant cockroach bites you.
You hit the giant cockroach but do no damage.
The giant cockroach is heavily wounded.
The giant cockroach bites you. x2
You hit the giant cockroach.
The giant cockroach is almost dead.
The giant cockroach barely misses you.
You hit the giant cockroach.
You kill the giant cockroach!
g - a scroll labeled KIGRICW FATA A kobold comes into view.
Found a ring mail.
A kobold is nearby!
A kobold is nearby!
A bat comes into view.
The kobold barely misses you.
You see here a scroll labeled QODAIB ZESITO.
h - a scroll labeled QODAIB ZESITO The bat hits you but does no damage.
The kobold hits you.
A bat comes into view.
You closely miss the kobold. The bat hits you but does no damage.
The kobold closely misses you. The bat barely misses you.
The bat closely misses you. The bat hits you but does no damage.
You closely miss the bat. The bat misses you.
Are you sure you want to abandon this character and quit the game? (Confirm with "yes".)

............# ......
...[........ ###..
...........## ##..
............ ###...
..........#
#####....# #...K.#
##.....#.## ##.#b##
##..#####.## #b#
##..## #..## #@#
#..## #.### #.# #.##
####.# #
####.####.####....#
#.........#....####
#......##........## #
#......#########..###
#......# ##....
######## #####


You could see 2 bats and a kobold.

Vanquished Creatures
  A giant gecko (D:1)
  5 giant cockroaches (D:1)
  A bat (D:1)
  A giant newt (D:1)
  3 goblins (D:1)
  2 rats (D:1)
13 creatures vanquished.

Notes
Turn   | Place    | Note
--------------------------------------------------------------
     0 | D:1      | Implojin the Mummy Monk began the quest for the Orb.
     0 | D:1      | Reached XP level 1. HP: 18/18 MP: 1/1
    98 | D:1      | Reached XP level 2. HP: 24/24 MP: 2/2
   313 | D:1      | Quit the game

Vault maps used:
D:1:      shiori_shiawase

Action                   || total
-------------------------++-------
Melee: Unarmed           ||    43
 Stab: Sleeping          ||     1

Table legend:
 A = Turns spent in this place as a percentage of turns spent in the entire game.
 B = Non-inter-level travel turns spent in this place as a percentage of non-inter-level travel turns spent in the entire game.
 C = Inter-level travel turns spent in this place as a percentage of turns spent in this place.
 D = Turns resting spent in this place as a percentage of non-inter-level travel turns spent in this place.
 E = Turns spent auto-exploring this place as a percentage of non-inter-level travel turns spent in this place.
 F = Non-inter-level travel turns spent in this place divided by the number of levels of this place that you've seen.
                   A       B       C       D       E      F
               +-------+-------+-------+-------+-------+----------------------
         Total | 100.0 | 100.0 |   0.0 |   0.0 |   7.1 | 156.0
       Dungeon | 100.0 | 100.0 |   0.0 |   0.0 |   7.1 | 156.0
               +-------+-------+-------+-------+-------+----------------------

Table legend:
 A = Kills in this place as a percentage of kills in entire the game.
 B = Kills by you in this place as a percentage of kills by you in the entire game.
 C = Kills by friends in this place as a percentage of kills by friends in the entire game.
 D = Other kills in this place as a percentage of other kills in the entire game.
 E = Experience gained in this place as a percentage of experience gained in the entire game.
 F = Experience gained in this place divided by the number of levels of this place that you have seen.
                   A       B       C       D       E      F
               +-------+-------+-------+-------+-------+----------------------
         Total | 100.0 | 100.0 |  -nan |  -nan | 100.0 |  22.0
       Dungeon | 100.0 | 100.0 |  -nan |  -nan | 100.0 |  22.0
               +-------+-------+-------+-------+-------+----------------------
